General information
- name: BNet
- type: Ladder team game (AT/RT)
- host: Battle.net
- saver: TheyHatin
map: DragonFire
- players: 6
- length: 58:15
- speed: Fast
- version: 1.26 WAR3
- replay type: Public
» download(251 KB)
Players
team 1 (winner)

»
rabidjoe (
blue | 37 APM | 690 actions | 18:26)
4 Far Seer
2 Feral Spirit
2 Chain Lighting
3 Blademaster
2 Wind Walk
1 Critical Strike
2 Tauren Chieftain
1 War Stomp
1 Endurance Aura
» actions
| Assign group hotkey | 22 | |
| Basic commands | 5 | |
| Build / train | 60 | |
| Enter build submenu | 19 | |
| Enter hero's abilities submenu | 9 | |
| Right click | 177 | |
| Select / deselect | 121 | |
| Select group hotkey | 228 | |
| Use ability | 49 | |
690 total
» units
| Peon | 15 | |
| Wind Rider | 12 | |
| Shaman | 4 | |
| Troll Witch Doctor | 4 | |
35 total
» upgrades
| Ranged Weapons | 3 | |
| Armor | 3 | |
| Envenomed Spears | 1 | |
| Witch Doctor Training | 2 | |
| Shaman Training | 2 | |
11 total
» buildings
| War Mill | 1 | |
| Orc Burrow | 5 | |
| Altar of Storms | 1 | |
| Watch Tower | 6 | |
| Stronghold | 1 | |
| Beastiary | 2 | |
| Fortress | 1 | |
| Great Hall | 1 | |
| Spirit Lodge | 2 | |
20 total
» build order
00:14 War Mill
00:23 Orc Burrow
01:18 Altar of Storms
01:55 Watch Tower
02:10 Watch Tower
02:23 Watch Tower
02:29 Watch Tower
02:34 Stronghold
03:42 Watch Tower
03:57 Orc Burrow
04:47 Watch Tower
05:23 Beastiary
05:34 Fortress
06:10 Great Hall
06:31 Orc Burrow
07:41 Orc Burrow
07:46 Spirit Lodge
08:38 Orc Burrow
09:38 Beastiary
10:26 Spirit Lodge
Killer_Master (
pink | 36 APM | 2086 actions | 58:15)
5 Keeper of the Grove
2 Force of Nature
2 Entangling Roots
1 Thorns Aura
3 Priestess of the Moon
2 Trueshot Aura
1 Searing Arrows
1 Blademaster
1 Critical Strike
1 Tauren Chieftain
1 Endurance Aura
1 Far Seer
1 Feral Spirit
» actions
| Basic commands | 2 | |
| Build / train | 79 | |
| Enter build submenu | 24 | |
| Enter hero's abilities submenu | 11 | |
| Give item / drop item | 3 | |
| Right click | 1236 | |
| Select / deselect | 608 | |
| Use ability | 123 | |
2086 total
» units
| Wisp | 23 | |
| Dryad | 13 | |
| Druid of the Talon | 5 | |
| Chimaera | 5 | |
| Wind Rider | 3 | |
| Troll Witch Doctor | 2 | |
| Shaman | 2 | |
| Kodo Beast | 1 | |
54 total
» upgrades
| Abolish Magic | 1 | |
| Corrosive Breath | 1 | |
2 total
» buildings
| Altar of Elders | 1 | |
| Moon Well | 8 | |
| Hunter's Hall | 1 | |
| Tree of Ages | 1 | |
| Ancient Protector | 2 | |
| Ancient of Lore | 2 | |
| Tree of Life | 6 | |
| Tree of Eternity | 1 | |
| Ancient of Wind | 1 | |
| Chimaera Roost | 1 | |
| Altar of Storms | 1 | |
| Orc Burrow | 1 | |
26 total
» build order
00:14 Altar of Elders
00:24 Moon Well
01:02 Moon Well
01:07 Moon Well
01:57 Hunter's Hall
02:49 Tree of Ages
03:10 Moon Well
03:25 Ancient Protector
04:34 Moon Well
05:28 Ancient of Lore
05:29 Ancient of Lore
05:46 Ancient Protector
06:10 Tree of Life
06:30 Tree of Life
08:25 Tree of Eternity
08:41 Moon Well
09:27 Ancient of Wind
10:37 Chimaera Roost
14:47 Moon Well
16:13 Moon Well
19:30 Altar of Storms
19:31 Orc Burrow
20:06 Tree of Life
20:42 Tree of Life
24:08 Tree of Life
25:00 Tree of Life
» items
| Scroll of Healing | 2 | |
| Scroll of Town Portal | 1 | |
| Wand of Negation | 1 | |
| Scroll of Protection | 1 | |
5 total

»
Alpha0mega (
green | 49 APM | 900 actions | 18:29)
2 Far Seer
1 Feral Spirit
1 Chain Lighting
» actions
| Assign group hotkey | 23 | |
| Basic commands | 38 | |
| Build / train | 32 | |
| Enter build submenu | 12 | |
| Enter hero's abilities submenu | 2 | |
| Right click | 479 | |
| Select / deselect | 160 | |
| Select group hotkey | 114 | |
| Use ability | 40 | |
900 total
» units
» upgrades
| Ranged Weapons | 1 | |
| Armor | 3 | |
| Envenomed Spears | 1 | |
| Melee Weapons | 2 | |
7 total
» buildings
| Orc Burrow | 5 | |
| Altar of Storms | 1 | |
| War Mill | 1 | |
| Watch Tower | 3 | |
| Stronghold | 1 | |
| Fortress | 1 | |
| Beastiary | 2 | |
14 total
» build order
00:30 Orc Burrow
00:36 Altar of Storms
01:02 War Mill
02:06 Orc Burrow
02:19 Watch Tower
02:44 Stronghold
03:05 Watch Tower
05:15 Watch Tower
05:17 Fortress
05:24 Beastiary
05:26 Beastiary
05:35 Orc Burrow
07:16 Orc Burrow
08:28 Orc Burrow
» items
team 2 (loser)

»
CLJB (
yellow | 37 APM | 2160 actions | 58:15)
7 Death Knight
3 Death Coil
3 Unholy Aura
1 Death Pact
4 Dreadlord
2 Sleep
2 Vampiric Aura
2 Lich
1 Frost Nova
1 Frost Armor
» actions
| Basic commands | 27 | |
| Build / train | 83 | |
| Enter build submenu | 21 | |
| Enter hero's abilities submenu | 13 | |
| Give item / drop item | 6 | |
| Right click | 1043 | |
| Select / deselect | 854 | |
| Use ability | 113 | |
2160 total
» units
| Acolyte | 7 | |
| Ghoul | 2 | |
| Crypt Fiend | 10 | |
| Gargoyle | 19 | |
| Forest Troll Shadow Priest | 1 | |
39 total
» upgrades
| Creature Carapace | 2 | |
| Creature Attack | 3 | |
| Web | 1 | |
6 total
» buildings
| Crypt | 3 | |
| Ziggurat | 8 | |
| Graveyard | 1 | |
| Altar of Darkness | 1 | |
| Halls of the Dead | 1 | |
| Black Citadel | 1 | |
15 total
» build order
00:13 Crypt
00:17 Ziggurat
00:32 Graveyard
01:02 Altar of Darkness
01:58 Ziggurat
03:37 Ziggurat
05:20 Halls of the Dead
07:30 Black Citadel
07:34 Ziggurat
07:50 Ziggurat
09:07 Crypt
10:14 Ziggurat
13:19 Ziggurat
16:33 Ziggurat
16:41 Crypt
» items
| Scroll of Healing | 5 | |
| Potion of Healing | 5 | |
| Scroll of Town Portal | 2 | |
| Scroll of Protection | 3 | |
| Wand of Negation | 3 | |
18 total
ReignOfTerror (
teal | 58 APM | 3356 actions | 57:36)
6 Mountain King
3 Storm Bolt
2 Bash
1 Avatar
» actions
| Assign group hotkey | 35 | |
| Basic commands | 213 | |
| Build / train | 222 | |
| ESC pressed | 10 | |
| Enter build submenu | 72 | |
| Enter hero's abilities submenu | 6 | |
| Give item / drop item | 7 | |
| Right click | 1345 | |
| Select / deselect | 523 | |
| Select group hotkey | 812 | |
| Use ability | 111 | |
3356 total
» units
| Peasant | 46 | |
| Footman | 7 | |
| Gryphon Rider | 23 | |
76 total
» upgrades
| Defend | 1 | |
| Masonry | 3 | |
| Lumber Harvesting | 2 | |
| Swords | 4 | |
| Animal War Training | 1 | |
| Armor | 3 | |
| Storm Hammers | 1 | |
| Magic Sentry | 1 | |
| Sorceress Training | 1 | |
17 total
» buildings
| Altar of Kings | 1 | |
| Barracks | 1 | |
| Farm | 12 | |
| Town Hall | 6 | |
| Keep | 4 | |
| Scout Tower | 34 | |
| Lumber Mill | 1 | |
| Guard Tower | 103 | |
| Castle | 2 | |
| Blacksmith | 1 | |
| Gryphon Aviary | 7 | |
| Arcane Sanctum | 1 | |
173 total
» build order
00:04 Altar of Kings
00:08 Barracks
00:11 Farm
00:14 Farm
01:29 Farm
01:53 Farm
02:07 Farm
04:31 Town Hall
04:50 Keep
04:52 Keep
05:32 Scout Tower
05:42 Lumber Mill
06:17 Scout Tower
06:18 Scout Tower
07:06 Guard Tower
07:06 Guard Tower
07:09 Castle
07:10 Castle
07:30 Scout Tower
07:32 Scout Tower
07:35 Scout Tower
07:55 Blacksmith
08:02 Guard Tower
08:02 Guard Tower
08:03 Guard Tower
08:03 Guard Tower
08:03 Guard Tower
08:16 Guard Tower
08:17 Guard Tower
09:15 Gryphon Aviary
10:13 Gryphon Aviary
10:25 Farm
10:47 Scout Tower
10:57 Scout Tower
11:03 Scout Tower
11:36 Guard Tower
11:36 Guard Tower
11:47 Guard Tower
11:50 Guard Tower
11:50 Guard Tower
11:50 Guard Tower
11:51 Guard Tower
11:57 Scout Tower
12:01 Scout Tower
12:35 Guard Tower
12:35 Guard Tower
12:57 Farm
14:34 Farm
14:38 Farm
16:20 Arcane Sanctum
16:27 Farm
16:58 Farm
21:01 Scout Tower
21:03 Scout Tower
22:01 Guard Tower
22:03 Guard Tower
26:56 Farm
28:35 Town Hall
28:40 Scout Tower
28:49 Scout Tower
28:54 Scout Tower
29:01 Scout Tower
29:11 Guard Tower
29:22 Guard Tower
29:22 Guard Tower
29:23 Guard Tower
31:05 Town Hall
31:41 Town Hall
31:44 Scout Tower
31:49 Scout Tower
31:53 Scout Tower
32:03 Scout Tower
32:07 Scout Tower
32:09 Scout Tower
32:11 Scout Tower
32:21 Guard Tower
32:21 Guard Tower
32:25 Guard Tower
32:25 Guard Tower
32:34 Guard Tower
32:34 Guard Tower
32:35 Guard Tower
32:45 Guard Tower
32:45 Guard Tower
32:45 Guard Tower
32:57 Guard Tower
32:57 Guard Tower
32:58 Guard Tower
32:58 Guard Tower
32:58 Guard Tower
32:59 Guard Tower
32:59 Guard Tower
34:09 Scout Tower
34:10 Scout Tower
34:11 Scout Tower
34:12 Scout Tower
34:16 Scout Tower
34:17 Scout Tower
34:22 Scout Tower
34:23 Scout Tower
35:02 Guard Tower
35:02 Guard Tower
35:02 Guard Tower
35:22 Guard Tower
35:22 Guard Tower
35:42 Guard Tower
35:42 Guard Tower
35:42 Guard Tower
35:43 Guard Tower
36:02 Guard Tower
36:02 Guard Tower
36:02 Guard Tower
36:23 Guard Tower
36:44 Guard Tower
37:04 Guard Tower
37:22 Guard Tower
37:23 Guard Tower
37:23 Guard Tower
38:29 Town Hall
43:13 Town Hall
44:57 Gryphon Aviary
45:00 Gryphon Aviary
45:04 Gryphon Aviary
46:57 Scout Tower
47:03 Scout Tower
47:31 Guard Tower
47:37 Guard Tower
47:57 Gryphon Aviary
48:17 Gryphon Aviary
» items
| Scroll of Town Portal | 1 | |
| Scroll of Protection | 2 | |
| Scroll of Healing | 2 | |
5 total
TheyHatin (
orange | 60 APM | 3499 actions | 58:15)
6 Archmage
3 Summon Water Elemental
2 Brilliance Aura
1 Mass Teleport
5 Paladin
3 Holy Light
2 Divine Shield
5 Mountain King
3 Storm Bolt
2 Bash
» actions
| Assign group hotkey | 449 | |
| Basic commands | 240 | |
| Build / train | 83 | |
| Enter build submenu | 80 | |
| Enter hero's abilities submenu | 17 | |
| Give item / drop item | 10 | |
| Right click | 1609 | |
| Select / deselect | 515 | |
| Select group hotkey | 303 | |
| Use ability | 192 | |
3499 total
» units
| Peasant | 17 | |
| Footman | 3 | |
| Gryphon Rider | 12 | |
32 total
» upgrades
| Lumber Harvesting | 2 | |
| Swords | 3 | |
| Masonry | 3 | |
| Armor | 3 | |
| Animal War Training | 1 | |
| Storm Hammers | 1 | |
13 total
» buildings
| Altar of Kings | 1 | |
| Barracks | 1 | |
| Farm | 60 | |
| Town Hall | 7 | |
| Keep | 1 | |
| Lumber Mill | 3 | |
| Scout Tower | 44 | |
| Guard Tower | 10 | |
| Castle | 1 | |
| Blacksmith | 1 | |
| Gryphon Aviary | 2 | |
131 total
» build order
00:35 Altar of Kings
00:38 Barracks
00:50 Farm
01:06 Farm
01:48 Farm
03:42 Town Hall
04:03 Keep
04:39 Lumber Mill
04:51 Scout Tower
04:53 Scout Tower
04:55 Scout Tower
06:26 Guard Tower
06:26 Castle
06:48 Scout Tower
06:50 Scout Tower
07:21 Guard Tower
07:29 Blacksmith
08:14 Scout Tower
08:17 Scout Tower
08:37 Gryphon Aviary
08:37 Gryphon Aviary
08:58 Guard Tower
10:39 Farm
10:40 Farm
10:43 Farm
10:44 Farm
10:45 Farm
10:48 Lumber Mill
20:25 Town Hall
22:53 Scout Tower
22:53 Scout Tower
22:55 Scout Tower
22:57 Scout Tower
23:00 Scout Tower
23:05 Scout Tower
24:20 Guard Tower
25:53 Town Hall
26:11 Farm
26:16 Farm
26:23 Farm
26:32 Farm
26:41 Scout Tower
26:41 Scout Tower
26:41 Scout Tower
26:42 Scout Tower
26:43 Scout Tower
26:44 Scout Tower
26:45 Scout Tower
26:45 Scout Tower
26:47 Scout Tower
26:47 Scout Tower
27:18 Guard Tower
27:21 Guard Tower
29:11 Guard Tower
29:30 Farm
29:33 Farm
29:37 Farm
30:04 Town Hall
31:46 Scout Tower
31:47 Scout Tower
31:47 Scout Tower
31:47 Scout Tower
31:59 Lumber Mill
32:04 Scout Tower
32:05 Scout Tower
32:05 Scout Tower
32:07 Scout Tower
32:10 Scout Tower
32:10 Scout Tower
32:12 Scout Tower
32:49 Guard Tower
33:24 Scout Tower
33:25 Scout Tower
33:25 Scout Tower
33:26 Scout Tower
33:26 Scout Tower
33:27 Scout Tower
33:27 Scout Tower
33:28 Scout Tower
33:28 Scout Tower
33:29 Scout Tower
33:42 Guard Tower
35:18 Guard Tower
39:48 Farm
39:51 Farm
39:53 Farm
39:54 Farm
39:56 Farm
39:57 Farm
39:58 Farm
40:00 Farm
40:05 Farm
40:07 Farm
40:09 Farm
40:10 Farm
40:11 Farm
40:13 Farm
40:16 Farm
40:17 Farm
40:19 Farm
40:44 Farm
42:42 Farm
43:29 Farm
44:30 Farm
44:31 Farm
44:33 Farm
44:34 Farm
44:35 Farm
44:37 Farm
44:40 Farm
44:41 Farm
44:43 Farm
44:46 Farm
44:47 Farm
44:48 Farm
44:50 Farm
45:05 Farm
45:06 Farm
45:07 Farm
45:08 Farm
45:10 Farm
45:11 Farm
45:12 Farm
45:14 Farm
46:07 Town Hall
47:28 Farm
47:29 Farm
47:30 Farm
47:31 Farm
48:19 Town Hall
48:29 Town Hall
» items
| Scroll of Town Portal | 3 | |
| Gem of True Seeing | 1 | |
| Potion of Healing | 1 | |
5 total
Chat log
(00:14 / Allies) TheyHatin: I guess
(00:17 / Allies) TheyHatin: we'll probably get smoked
(00:21 / Allies) TheyHatin: it's impossible to get games on 4v4
(00:25 / All) ReignOfTerror: ROC sucks compared to TFT
(00:38 / All) ReignOfTerror: Latency is even worse too
(00:51 / All) ReignOfTerror: Forgot to turn off my VPN oshit
(01:04 / Allies) TheyHatin: shit is more expensive
(01:12 / Allies) ReignOfTerror: 90 food peons lol
(01:20 / Allies) TheyHatin: yeah your builds from tFT won't work here
(01:34 / Allies) TheyHatin: and no arcane towers
(02:18 / All) TheyHatin: only poors and retards play on ROC
(02:24 / All) ReignOfTerror: pretty much
(02:25 / All) TheyHatin: regularly
(03:03 / Allies) TheyHatin: creeps are retarded too
(05:02 / Allies) TheyHatin: also
(05:15 / Allies) TheyHatin: upkeep is different
(05:22 / Allies) ReignOfTerror: yeah 40 food
(05:23 / Allies) ReignOfTerror: I remember that
(05:45 / Allies) TheyHatin: do you have web?
(06:57 / Allies) ReignOfTerror: can't even click on heroes to see items in roc
(07:08 / Allies) TheyHatin: yep
(09:26 / Allies) TheyHatin: wait
(09:50 / Allies) ReignOfTerror: tp
(11:25 / Allies) TheyHatin: wood?
(12:23 / Allies) TheyHatin: b
(12:45 / Allies) CLJB: fuc
(12:53 / Allies) TheyHatin: wood?
(12:56 / Allies) CLJB: thers my army
(13:15 / Allies) TheyHatin: kill your foots rod
(13:55 / Allies) ReignOfTerror: hu towers are still fortified in roc which is pretty gay
(14:22 / All) TheyHatin: bet you love no shops huh faggot
(14:44 / Allies) TheyHatin: go teal
(15:12 / All) Killer_Master: _)_
(15:33 / Allies) CLJB: i have not ps
(15:37 / Allies) TheyHatin: trap pink then tp
(16:01 / Allies) CLJB: now i ave no army
(17:58 / All) TheyHatin: out scrubs
(18:17 / All) ReignOfTerror: I haven't played roc in 10 years
(18:19 / All) ReignOfTerror: still raped you
(18:19 / Allies) TheyHatin: so much easier with hu than UD
(19:11 / All) ReignOfTerror: not over yet
(19:13 / All) ReignOfTerror: don't leave
(21:34 / Allies) TheyHatin: do I have you on friends rod
(21:40 / Allies) ReignOfTerror: yeah
(21:44 / Allies) ReignOfTerror: been getting your messages
(21:50 / Allies) ReignOfTerror: convincing yellow to stay
(21:52 / Allies) ReignOfTerror: he isnt rpelying
(21:52 / Allies) TheyHatin: it's not in hand yet
(22:14 / Allies) TheyHatin: towers are harder to kill on ROC
(22:23 / Allies) ReignOfTerror: fortified human towers
(22:26 / Allies) TheyHatin: all
(22:28 / Allies) ReignOfTerror: pre-nerf
(23:19 / Allies) ReignOfTerror: he is hitting yellow
(23:28 / Allies) ReignOfTerror: no
(23:33 / Allies) ReignOfTerror: I saw him going there
(23:34 / Allies) ReignOfTerror: though
(23:39 / Allies) ReignOfTerror: he hasn't been replying
(23:44 / Allies) TheyHatin: stats him
(23:52 / Allies) TheyHatin: is he try hard
(23:55 / Allies) ReignOfTerror: 11-8
(24:22 / Allies) ReignOfTerror: Yellow is 18-15
(25:15 / All) ReignOfTerror: Alright everyone listen up
(25:19 / All) ReignOfTerror: Orange and I were working together
(25:23 / All) ReignOfTerror: This was rigged
(25:26 / All) ReignOfTerror: We will kill everything
(25:29 / All) ReignOfTerror: including our own stuff
(25:35 / All) ReignOfTerror: and leave only 2 buildings
(25:42 / All) ReignOfTerror: Best Internet wins
(25:44 / All) ReignOfTerror: Sound fair?
(28:36 / Allies) TheyHatin: mass tp extremely short cooldown lol
(28:41 / Allies) TheyHatin: it'
(28:45 / Allies) TheyHatin: s like 10 second cooldown
(31:00 / Allies) TheyHatin: that's mine lol
(31:10 / Allies) ReignOfTerror: I know
(31:14 / Allies) ReignOfTerror: was in the way of mining
(31:18 / Allies) TheyHatin: oh
(31:52 / Allies) TheyHatin: wood
(32:21 / Allies) TheyHatin: let's tower him in
(32:27 / Allies) TheyHatin: but not attack
(32:34 / Allies) TheyHatin: guard there
(32:39 / Allies) ReignOfTerror: k lemme get my expo up first
(32:54 / All) ReignOfTerror: l
(33:34 / Allies) ReignOfTerror: sending my peons now
(33:35 / All) CLJB: u guys should hear these geeks, I would never tell anyone i played a computer game...les be outcast for life.
(33:42 / All) ReignOfTerror: lol
(33:45 / All) Killer_Master: i dont speak english
(33:47 / All) Killer_Master: im nb
(34:23 / All) TheyHatin: what's nb
(34:32 / All) ReignOfTerror: New Brunswick?
(34:41 / All) TheyHatin: has to be a place that doesn't speak English
(34:52 / All) ReignOfTerror: Canada has a lot of those
(34:58 / All) ReignOfTerror: New Brunswick is in Canada
(35:38 / All) TheyHatin: yellow are you too poor to play TFt
(35:49 / All) TheyHatin: that 5 bux is reallly gonna set you back
(35:50 / All) ReignOfTerror: are you unable to afford it?
(35:53 / All) ReignOfTerror: too much $$$$$$$$?
(36:01 / All) TheyHatin: you'd have to eat ketchup sandwiches instead of cheese sammies
(36:24 / All) CLJB: too poor?
(36:31 / All) ReignOfTerror: yeah
(36:33 / All) CLJB: TFT came with this disc you fucking idiot
(36:34 / All) ReignOfTerror: since it's the superior game
(36:38 / All) TheyHatin: are you malnourished?
(36:47 / All) CLJB: i threw it in the trash
(36:49 / All) ReignOfTerror: did the disk break?
(36:52 / All) TheyHatin: why do you play this broken game then? too shit at TFT?
(36:55 / All) ReignOfTerror: is it too hard?
(37:03 / All) ReignOfTerror: are the players too good in comparison?
(37:09 / All) CLJB: not such a geek that i want to know two comp games
(37:14 / All) CLJB: one is plenty
(37:21 / All) TheyHatin: you only have to play TFT dumbo
(37:25 / All) ReignOfTerror: yeah
(37:39 / All) CLJB: I have played it, it sucks
(37:43 / All) TheyHatin: I haven't played this in years, and before that not since 2003
(37:45 / All) ReignOfTerror: how so?
(37:49 / All) TheyHatin: lol
(37:50 / All) CLJB: up to date as of like 7 years ago
(37:58 / All) TheyHatin: yeah it sucks that you can get a shop and get heals
(38:00 / All) CLJB: or 10
(38:06 / All) ReignOfTerror: why is tft worse?
(38:12 / All) TheyHatin: it sucks that you can't creep to level 10
(38:16 / All) CLJB: heros are lame
(38:19 / All) TheyHatin: lol
(38:24 / All) TheyHatin: just too much variety!
(38:26 / All) TheyHatin: too much scope!
(38:34 / All) TheyHatin: I want to mass tier 1 all game!
(38:51 / All) CLJB: gotta take out the dog u guys have fun jerkin off with eachothers tears later on. I'll be back about 1 hr to check on u
(38:58 / All) ReignOfTerror: Alright
(39:00 / All) ReignOfTerror: See you later
(44:18 / All) ReignOfTerror: I haven't played RoC in 10 years and I had 500MS latency this game
(48:51 / All) ReignOfTerror: nice
(49:00 / All) ReignOfTerror: moonwell use is pro
(49:56 / Allies) TheyHatin: much easier to just kill my unit producers
(51:23 / Allies) TheyHatin: mass tp is only 100 mana
(51:28 / Allies) TheyHatin: has like 10 second cooldown
(51:34 / Allies) TheyHatin: completely ridiculous
(51:36 / Allies) TheyHatin: and you can CREEP TO IT!
(51:45 / Allies) TheyHatin: never kill an enemy unit and can get mass tp
(53:12 / Allies) TheyHatin: You there Rod?
(53:17 / Allies) ReignOfTerror: yeah
(53:20 / Allies) TheyHatin: standoff time
(53:20 / Allies) ReignOfTerror: killing my stuff
(54:43 / Allies) ReignOfTerror: kill last farms
(54:52 / Allies) TheyHatin: I have no way to produce units but fine
(55:18 / Allies) TheyHatin: oh
(55:18 / Allies) TheyHatin: yeah
(55:22 / Allies) TheyHatin: I'm leaving the fag message there
(55:39 / Allies) ReignOfTerror: kill that hall if you can
(56:40 / Allies) TheyHatin: is that all
(56:47 / Allies) ReignOfTerror: yeah
(56:49 / Allies) ReignOfTerror: 0 food
(56:51 / Allies) ReignOfTerror: last farm dying
(56:58 / Allies) TheyHatin: If pink has shit hiding then too bad for ylelow
(57:20 / Allies) ReignOfTerror: he would have used it by now
(57:25 / All) ReignOfTerror: Good luck, gentlemen. Best Internet wins
(57:32 / All) ReignOfTerror: The final leaver leaves victorious
(57:35 / All) ReignOfTerror: LET IT BEGIN, LET IT BEGIN